 Dungeon Crawl Stone Soup version bcrawl-1.28.5 (webtiles) character file.

Game seed: 17151777256209039749

253397 Anonimiaus the Skirmisher (level 7, -11/57 HPs)
             Began as a Human Archaeologist on Jan 23, 2021.
             Killed by divine providence
             ... invoked by an orc priest
              (12 damage)
             ... on level 4 of the Dungeon.
             The game lasted 00:08:00 (2563 turns).

Anonimiaus the Skirmisher (Human Archaeologist)     Turns: 2563, Time: 00:08:01

Health: -11/57     AC:  9    Str: 14    XL:     7   Next: 41%
Magic:  7/7        EV: 13    Int: 19    God:
Gold:   168        SH:  1    Dex: 11    Spells: 6/6 levels left

rFire    + . .     SeeInvis .   h - +1 great sword (elec)
rCold    + . .     Gourm    .   (shield currently unavailable)
rNeg     . . .     Faith    .   c - +1 robe
rPois    +         Spirit   .   d - +2 hat
rElec    +         Reflect  .   (no cloak)
rCorr    +         Harm     .   v - +1 pair of gloves
MR       .....                  i - +1 pair of boots
Stlth    ++........             (no amulet)
HPRegen  0.19/turn              (no ring)
MPRegen  0.10/turn              (no ring)

@: brilliant, lethally poisoned (-11 -> -13), swift, resistant, flying, quick
A: no striking features
a: no special abilities


You were on level 4 of the Dungeon.
You were hungry.

You visited 1 branch of the dungeon, and saw 4 of its levels.

You collected 168 gold pieces.

Inventory:

Hand Weapons
 b - a +0 blowgun
 h - a +1 great sword of electrocution (weapon)
Missiles
 f - 6 curare-tipped needles
 l - 416 stones (quivered)
 x - 87 poisoned needles
Armour
 c - a +1 robe (worn)
 d - a +2 hat (worn)
 i - a +1 pair of boots (worn)
 u - a +0 robe of positive energy
 v - a +1 pair of gloves (worn)
Scrolls
 g - 3 scrolls of magic mapping
 n - a scroll of enchant armour
 o - 3 scrolls of identify
Potions
 k - 2 potions of curing
 q - 2 potions of resistance
 s - a potion of invisibility {unknown}
 A - a potion of lignification {unknown}
Comestibles
 e - 9 rations {!d}


   Skills:
 + Level 5.9 Fighting
 * Level 4.3 Long Blades
   Level 1.1 Maces & Flails
 - Level 3.2 Dodging
 - Level 4.0 Stealth


You had 6 spell levels left.
You didn't know any spells.
Your spell library was empty.

Dungeon Overview and Level Annotations

Branches:
Dungeon (4/12)
 Temple: D:4-7

Altars:
Makhleb
Xom

Annotations:
D:4 exclusion: sky beast


Message History

The orc priest calls upon Beogh to heal the orc wizard.
The orc wizard is healed somewhat.
The crimson imp hits you with a +0 dagger of chaos.
* * * LOW HITPOINT WARNING * * *
You hit the orc.
The orc explodes!
The fiery explosion engulfs the orc priest!!
You kill the orc priest!
The fiery explosion engulfs the orc wizard!!
You kill the orc wizard!
The fiery explosion engulfs the crimson imp.
The crimson imp completely resists.
You resist. The fiery explosion engulfs you!
* * * LOW HITPOINT WARNING * * *
You are engulfed in blazing flames.
You resist.
* * * LOW HITPOINT WARNING * * *
x2 You feel sick.
The orc priest mumbles some strange prayers to Beogh against you.
Beogh smites you!
You die...

#......#................
......##?.......%
.....!#..o#######
#.#....#### #...........
#o########## ##§#.._#
#.§§5..# #o##@._# ##
#####


You could see an orc priest (inner flame) and a crimson imp (inner flame).

Vanquished Creatures
  2 ogres
  A scorpion (D:4)
  A crimson imp (D:4)
  An orc priest (D:4)
  4 orc wizards (D:4)
  Jessica (D:2)
  5 adders
  3 worms
  A dart slug (D:1)
  5 leopard geckos
  13 orcs
  3 giant cockroaches
  5 goblins
  13 hobgoblins
  6 jackals
  10 kobolds
  A quokka (D:3)
  8 bats
  3 frilled lizards (D:2)
  6 rats
92 creatures vanquished.

Notes
Turn   | Place    | Note
-------+----------+-------------------------------------------
     0 | D:1      | Anonimiaus the Human Archaeologist began the quest for the
                  | Orb.
     0 | D:1      | Reached XP level 1. HP: 15/15 MP: 1/1
   183 | D:1      | Reached XP level 2. HP: 11/21 MP: 2/2
   371 | D:1      | Reached skill level 2 in Fighting
   433 | D:1      | Reached XP level 3. HP: 20/28 MP: 3/3
   912 | D:2      | Reached skill level 3 in Fighting
   997 | D:2      | Reached XP level 4. HP: 23/35 MP: 4/4
  1270 | D:2      | Noticed Jessica
  1279 | D:2      | Killed Jessica
  1344 | D:2      | Reached skill level 4 in Fighting
  1345 | D:2      | Noticed an ogre
  1544 | D:2      | Killed an ogre
  1545 | D:2      | Reached skill level 5 in Fighting
  1545 | D:2      | Reached XP level 5. HP: 44/44 MP: 5/5
  1545 | D:2      | Identified a scroll of acquirement
  1546 | D:2      | Identified the +2 cloak of Decompression {+Fly rF+ Dex+2}
                  | (You acquired it on level 2 of the Dungeon)
  1546 | D:2      | Identified the amulet "Qikoveaf" {Faith +Blink Int+3 Dex-2
                  | Stlth+} (You acquired it on level 2 of the Dungeon)
  1657 | D:3      | Reached XP level 6. HP: 46/51 MP: 6/6
  1688 | D:3      | Reached skill level 1 in Long Blades
  1883 | D:3      | Noticed an ogre
  1908 | D:3      | Killed an ogre
  2313 | D:4      | Noticed a sky beast
  2391 | D:4      | Reached XP level 7. HP: 54/56 MP: 7/7
  2544 | D:4      | Found a shimmering altar of Xom.
  2545 | D:4      | Found a burning altar of Makhleb.
  2553 | D:4      | Paralysed by a crimson imp for 3 turns
  2563 | D:4      | HP: 1/57 [cloud of flame (3)]
  2563 | D:4      | Killed from afar by an orc priest

Skill      XL: |  1  2  3  4  5  6  7 |
---------------+----------------------+-----
Stealth        | 4 |  4.0
Fighting       | 2 3 5 |  5.9
Long Blades    | 3 4 |  4.3
Maces & Flails | |  1.1
Dodging        | |  3.2

Action                   |  1- 3 |  4- 6 |  7- 9 || total
-------------------------+-------+-------+-------++-------
Melee: Whip              |   140 |    57 |       ||   197
       Great sword       |       |    82 |    45 ||   127
 Fire: Blowgun           |       |     5 |       ||     5
  Use: Scroll            |       |     2 |     6 ||     8
       Potion            |       |       |     5 ||     5
 Stab: Sleeping          |     3 |     3 |       ||     6
       Distracted        |       |     1 |       ||     1
  Eat: Chunk             |     4 |    10 |     2 ||    16
Armor: Robe              |    63 |    41 |    25 ||   129
Dodge: Dodged            |   135 |   119 |    37 ||   291
Block: Other             |       |       |     3 ||     3
